 Dungeon Crawl Stone Soup version 0.29-a0-617-g7a6b98fccd (webtiles) character file.

Game seed: 2022085141021637205

296 YayAnonymity the Shield-Bearer (level 6, -1/48 HPs)
             Began as a Formicid Fighter on June 17, 2022.
             Killed by divine providence
             ... invoked by a smoke demon
              (13 damage)
             ... on level 1 of the Abyss.
             The game lasted 00:04:50 (2889 turns).

YayAnonymity the Shield-Bearer (Formicid Fighter)   Turns: 2889, Time: 00:04:50

Health: -1/48      AC: 12    Str: 23    XL:     6   Next: 62%
Magic:  6/6        EV:  8    Int:  7    God:
Gold:   243        SH:  5    Dex: 13    Spells: 5/5 levels left

rFire   . . .      SeeInvis +   a - +1 war axe (venom)
rCold   . . .      Faith    .   c - +0 buckler
rNeg    . . .      Spirit   .   x - +0 chain mail
rPois   +          Reflect  .   (helmet unavailable)
rElec   .          Harm     .   (no cloak)
rCorr   .          Rampage  .   y - +2 pair of gloves
Will    .....                   (no boots)
Stlth   ..........              (no amulet)
HPRegen 0.16/turn               t - ring of poison resistance
MPRegen 0.10/turn               (no ring)

@: mighty, studying Armour
A: permanent stasis, dig shafts and tunnels, antennae 3, four strong arms
a: Dig, Shaft Self


You were on level 1 of the Abyss.
You visited 1 branch of the dungeon, and saw 4 of its levels.
You visited the Abyss 1 time.

You collected 243 gold pieces.

Inventory:

Hand Weapons
 a - a +1 war axe of venom (weapon)
Missiles
 l - 4 poisoned darts (quivered)
 o - 2 boomerangs
Armour
 c - a +0 buckler (worn)
 x - a +0 chain mail (worn)
 y - a +2 pair of gloves (worn)
Jewellery
 t - a ring of poison resistance (left hand)
Scrolls
 k - a scroll of vulnerability
Potions
 b - a potion of degeneration {unknown}
 e - a potion of heal wounds {unknown}
 g - a potion of invisibility {unknown}
 h - a potion of haste {unknown}
 j - 2 potions of curing
 p - 2 potions of berserk rage {unknown}
 q - a potion of magic
 r - a potion of lignification {unknown}


   Skills:
 - Level 4.0 Fighting
 * Level 4.3 Axes
 + Level 4.3 Armour
 + Level 2.3 Dodging
 - Level 5.0 Shields


You had 5 spell levels left.
You didn't know any spells.
Your spell library contained the following spells:

 Spells                   Type           Power      Damage    Failure   Level
 Beastly Appendage        Tmut           0%         N/A       99%         1
 Necrotize                Necr           0%         1d4       99%         1
 Slow                     Hex            0%         N/A       99%         1
 Wereblood                Tmut           0%         N/A       100%        2
 Call Canine Familiar     Summ           0%         N/A       100%        3
 Confusing Touch          Hex            0%         N/A       100%        3
 Dazzling Flash           Conj/Hex       0%         N/A       100%        3
 Gell's Gravitas          Tloc           0%         N/A       100%        3
 Lesser Beckoning         Tloc           0%         N/A       100%        3
 Mephitic Cloud           Conj/Pois/Air  0%         N/A       100%        3
 Portal Projectile        Hex/Tloc       0%         N/A       100%        3
 Spider Form              Tmut/Pois      0%         N/A       100%        3
 Teleport Other           Tloc           0%         N/A       100%        3
 Vampiric Draining        Necr           0%         2d6       100%        3
 Iskenderun's Mystic Bla  Conj/Tloc      0%         2d3       100%        4
 Leda's Liquefaction      Hex/Erth       0%         N/A       100%        4
 Agony                    Necr           0%         N/A       100%        5
 Yara's Violent Unravell  Hex/Tmut       0%         3d3       100%        5
 Starburst                Conj/Fire      0%         6d3       100%        6


Dungeon Overview and Level Annotations

Branches:
Dungeon (4/15)             Temple (0/1) D:4

Altars:
Gozag


Innate Abilities, Weirdness & Mutations

You cannot be hasted, slowed, berserked, paralysed or teleported.
You can dig through walls and to a lower floor.
You have a pair of large antennae on your head. (SInv)
Your four strong arms can wield two-handed weapons with a shield.


Message History

The orc priest invokes the aid of Beogh against you.
Pain shoots through your body!
You barely miss the orc priest. You block the orc priest's attack.
You hit the orc priest.
The orc priest is poisoned.
The orc priest is heavily wounded.
You block the orc priest's attack.
The orc priest hits you but does no damage.
You hit the orc priest.
The orc priest is severely wounded.
The orc priest hits you but does no damage.
You hit the orc priest.
The orc priest looks as sick as possible!
The orc priest is almost dead.
You kill the orc priest!
You slash the orc!
You kill the orc!
The orc hits you with a +2 mace of distortion.
You are cast into the Abyss!
This branch contains the abyssal rune of Zot.
Beware, you cannot shaft yourself on this level.
You sense a monster nearby.
HP restored.
A caustic shrike skeleton comes into view.
Unknown command.
A smoke demon comes into view.
The smoke demon roars!
The smoke demon gestures at you. The ball of steam hits you.
The caustic shrike skeleton is engulfed in a cloud of scalding steam.
The caustic shrike skeleton claws you!
The caustic shrike skeleton attacks as you move away!
The caustic shrike skeleton claws you.
The caustic shrike skeleton claws you but does no damage.
The caustic shrike skeleton claws you!
* * * LOW HITPOINT WARNING * * *
You feel very mighty all of a sudden.
You block the caustic shrike skeleton's attack. x2
The smoke demon gestures at you. Something smites you!
You die...

............§### ..
#.≈§..##.§≈... ...#
..§§...§≈...#
...§...≈§.§≈≈..#
..3 .§3........####
....§.#.###.......#
..... #.#
#.....##..
..#.###Z# #..#.##
#......@# #.##..
..#.##### ### ###


You could see a smoke demon and a caustic shrike skeleton.

Vanquished Creatures
  A howler monkey (D:3)
  2 orc priests
  Jessica (D:3)
  2 orc wizards
  5 adders
  An ufetubus (D:4)
  A worm (D:2)
  3 dart slugs
  11 orcs
  4 bats
  3 endoplasms
  4 giant cockroaches
  7 goblins
  4 hobgoblins
  2 jackals (D:1)
  A quokka (D:2)
  2 ball pythons
  3 frilled lizards
  3 kobolds
  6 rats
66 creatures vanquished.

Notes
Turn   | Place    | Note
-------+----------+-------------------------------------------
     0 | D:1      | YayAnonymity the Formicid Fighter began the quest for the
                  | Orb.
     0 | D:1      | Reached XP level 1. HP: 18/18 MP: 1/1
   115 | D:1      | Reached XP level 2. HP: 21/24 MP: 2/2
   658 | D:2      | Got Sif Muna's Catalogue of Destructive Hexes
   708 | D:2      | You fall into a shaft and drop 1 floor!
   711 | D:3      | Noticed a howler monkey
   805 | D:2      | Reached XP level 3. HP: 18/29 MP: 3/3
  1275 | D:2      | Reached XP level 4. HP: 36/36 MP: 4/4
  1412 | D:3      | Reached skill level 1 in Dodging
  1791 | D:3      | Noticed Jessica
  1794 | D:3      | Reached XP level 5. HP: 31/42 MP: 5/5
  1802 | D:3      | HP: 2/42 [Jessica/nerve-wracking pain (7)]
  1804 | D:3      | Killed Jessica
  1805 | D:3      | Reached skill level 5 in Shields
  2177 | D:3      | Found a faded altar of an unknown god.
  2253 | D:3      | Reached XP level 6. HP: 47/48 MP: 6/6
  2501 | D:3      | Found an opulent altar of Gozag.
  2668 | D:4      | Identified a scroll of acquirement
  2668 | D:4      | Acquired a manual of Armour
  2686 | D:4      | Noticed an ogre
  2758 | D:4      | Cast into level 1 of the Abyss (orc)
  2879 | Abyss:1  | Noticed a caustic shrike skeleton
  2883 | Abyss:1  | Noticed a smoke demon
  2889 | Abyss:1  | Killed from afar by a smoke demon

Illustrated notes

Levels and vault maps discovered:
D:1:      dpeg_arrival_more_subterranean_lakeside_camping, layout_rooms
D:2:      layout_basic, minmay_octomino_c4
D:3:      layout_rooms, grunt_gozag_statues, ebering_ecumenical_altar_abandoned,
          uniq_jessica
D:4:      layout_loops_cross, kennysheep_mini_moat,
          mainiacjoe_overflow_brackets, minmay_temple_entry_overgrown
Abyss:1:  base: D:3, abyss_greek_temple

Skill      XL: |  1  2  3  4  5  6 |
---------------+-------------------+-----
Dodging        | 1 2 |  2.3
Axes           | 3 4 |  4.3
Fighting       | 4 |  4.0
Armour         | 4 |  4.3
Shields        | 5 |  5.0

Action                   |  1- 3 |  4- 6 || total
-------------------------+-------+-------++-------
Melee: War axe           |    84 |   113 ||   197
Throw: Dart              |     2 |       ||     2
  Use: Scroll            |       |    10 ||    10
       Potion            |       |     1 ||     1
Armor: Scale mail        |    42 |    26 ||    68
       Chain mail        |       |    34 ||    34
Dodge: Dodged            |    48 |    53 ||   101
Block: Buckler           |    26 |    38 ||    64

Table legend: (Time is in decaauts)
 A = Elapsed time spent in this place.
 B = Non-inter-level travel time spent in this place.
 C = Inter-level travel time spent in this place.
 D = Time resting spent in this place.
 E = Time spent auto-exploring this place.
 F = Levels seen in this place.
 G = Mean time per level.
                   A        B        C        D        E       F      G
               +--------+--------+--------+--------+--------+-----+--------+
         Total |   2964 |   2886 |     78 |    483 |   1737 |   5 |  592.8 |
       Dungeon |   2833 |   2755 |     78 |    483 |   1620 |   4 |  708.2 |
         Abyss |    131 |    131 |      0 |      0 |    117 |   1 |  131.0 |
               +--------+--------+--------+--------+--------+-----+--------+

Top non-repeatable levels by time:
     D:2: 1192 daAuts
     D:3: 824 daAuts
     D:1: 662 daAuts
     D:4: 153 daAuts
 Abyss:1: 131 daAuts
